 Dungeon Sprint DCSS version 0.30.1-11-g7821555f0a (webtiles) character file.

Game seed: 8187913175924875005

3609 Groucho the Thaumaturge (level 9, -7/54 HPs)
             Began as a Deep Elf Earth Elementalist on Jan 8, 2024.
             Was the Champion of Sif Muna.
             Mangled by Harold
             ... wielding a +0 hand axe
              (24 damage)
             ... in the Dungeon (Sprint VII: "The Pits").
             The game lasted 00:09:27 (4271 turns).

Groucho the Thaumaturge (DEEE)                      Turns: 4271, Time: 00:09:28

Health: -7/54      AC: 11    Str:  5    XL:     9   Next: 86%
Magic:  3/27       EV:  2    Int: 25    God:    Sif Muna [******]
Gold:   0          SH:  0    Dex: 21    Spells: 18/32 levels left

rFire   . . .        k - +2 dagger (venom)
rCold   . . .        (no shield)
rNeg    . . .        o - +5 ring mail
rPois   .            n - +0 helmet
rElec   .            (no cloak)
rCorr   .            (no gloves)
SInv    .            (no boots)
Will    .....        (no amulet)
Stlth   +++          l - +3 ring of dexterity
HPRegen 0.29/turn    m - +3 ring of dexterity
MPRegen 0.20/turn

%: no teleportation
@: sleeping, marked
A: no striking features
a: Renounce Religion, Channel Magic, Forget Spell, Divine Exegesis


You were in the Dungeon.
You worshipped Sif Muna.
Sif Muna was exalted by your worship.
You visited 1 branch

Inventory:

Hand Weapons
 e - a +4 dagger
 k - a +2 dagger of venom (weapon)
Armour
 a - a +0 robe
 n - a +0 helmet (worn)
 o - a +5 ring mail (worn)
Jewellery
 l - a +3 ring of dexterity (left hand)
 m - a +3 ring of dexterity (right hand)
Scrolls
 i - 5 scrolls of amnesia
 j - a scroll of butterflies
Potions
 b - 5 potions of magic
 c - 7 potions of curing
 d - 10 potions of heal wounds
 f - 4 potions of berserk rage
 h - 2 potions of invisibility
 p - 2 potions of might
 q - 2 potions of brilliance


   Skills:
 - Level 5.0 Fighting
 - Level 5.0 Short Blades
 + Level 3.2 Armour
 + Level 5.8 Dodging
 - Level 7.0 Stealth
 - Level 12.0 Spellcasting
 + Level 10.9 Conjurations
 + Level 9.0 Transmutations
 + Level 11.4 Earth Magic
 + Level 9.1 Invocations


You had 18 spell levels left.
You knew the following spells:

 Your Spells              Type           Power      Damage    Failure   Level
a - Sandblast             Erth           100%       2d20      1%          1
b - Stone Arrow           Conj/Erth      100%       3d13      1%          3
c - Petrify               Tmut/Erth      60%        N/A       2%          4
d - Iron Shot             Conj/Erth      31%        9d6       26%         6

Your spell library contained the following spells:

 Spells                   Type           Power      Damage    Failure   Level
 Passwall                 Tmut/Erth      50%        N/A       1%          2
 Iskenderun's Battlesphe  Conj           62%        2d11      5%          5
 Slow                     Hex            60%        N/A       17%         1
 Iskenderun's Mystic Bla  Conj/Tloc      42%        2d10      19%         4
 Summon Guardian Golem    Hex/Summ       15%        N/A       45%         3
 Passage of Golubria      Tloc           15%        N/A       86%         4
 Spellforged Servitor     Conj/Summ      21%        N/A       100%        7


Dungeon Overview and Level Annotations

Branches:
Dungeon (1/1)

Altars:
Ashenzari
Cheibriados
Dithmenos
Elyvilon
Fedhas
Gozag
Hepliaklqana
Kikubaaqudgha
Makhleb
Nemelex Xobeh
Okawaru
Qazlal
Ru
Sif Muna
Trog
Uskayaw
Vehumet
Wu Jian
Xom
Yredelemnul
Zin
The Shining One
Jiyva
Lugonu

Annotations:
D Harold


Message History

As you read the scroll of blinking, it crumbles to dust.
Harold is nearby!
Harold is nearby!
Harold throws a throwing net.
The throwing net hits you.
You become entangled in the net!
You tear a large gash into the net.
You struggle against the net.
You rip the net and break free!
Casting: Stone Arrow (safe; 1% risk of failure)
Confirm with . or Enter, or press ? or * to list all spells.
Aiming: Petrify (dangerous; 2% risk of failure)
Press: ? - help, Shift-Dir - straight line, f - Harold
Aim: Harold, wielding a +0 hand axe and wearing a +3 scale mail (chance to affect: 41%) Harold resists with some effort.
Unknown command.
Unknown command.
Casting: Petrify (dangerous; 2% risk of failure)
Confirm with . or Enter, or press ? or * to list all spells.
Aiming: Petrify (dangerous; 2% risk of failure)
Press: ? - help, Shift-Dir - straight line, f/p - Harold
Aim: Harold, wielding a +0 hand axe and wearing a +3 scale mail (chance to affect: 41%) Harold resists with some effort.
Harold fires a harpoon shot at you. The harpoon shot hits you!
* * * LOW HITPOINT WARNING * * *
You are yanked forward by the harpoon shot.
Unknown command.
Unknown command.
Casting: Petrify (dangerous; 2% risk of failure)
Confirm with . or Enter, or press ? or * to list all spells.
Aiming: Petrify (dangerous; 2% risk of failure)
Press: ? - help, Shift-Dir - straight line, f/p - Harold
Aim: Harold, wielding a +0 hand axe and wearing a +3 scale mail (chance to affect: 41%) Harold resists with some effort.
The dream sheep shake their wool and sparkle.
You feel drowsy...
You fall asleep.
Harold casts a spell at you. A sentinel's mark forms upon you.
The dream sheep barely misses you. Harold hits you with a +0 hand axe!!
You die...

############ #_________.#
#_________.#
#_______...###########++######
##########'##................#
#.?(.')))'.##......#..#......#
##########.##................+
#..)........'@@Y.............+
#'#####'#####.Y....#†.#......#
#.#..#...'.##.......†YY......#
#)#.)#...#.#####'#####''######
#.#..#####.##.......##''######
#.#..'...#.##.......##...Y..YY
#.#.÷'...'.##.......##...@....
#)#.÷########...<...##..#####.
#)#..'.)))[##.......##..'...#


You could see Harold and 2 dream sheep.

Vanquished Creatures
  A sun demon (D)
  A bog body (D)
  Prince Ribbit (D)
  4 blink frogs (D)
  4 dream sheep (D)
  A water moccasin (D)
  An orc warrior (D)
  2 wolves (D)
  A bullfrog (D)
  2 scorpions (D)
  5 wights (D)
  A jelly (D)
  A hound (D)
  Terence (D)
  A mummy (D)
  A gnoll (D)
  An adder (D)
  An ufetubus (D)
  An adder zombie (D)
  A bat skeleton (D)
  A bat zombie (D)
  3 giant cockroaches (D)
  A hobgoblin (D)
  A ball python (D)
  A frilled lizard (D)
  A rat (D)
40 creatures vanquished.

Notes
Turn   | Place    | Note
-------+----------+-------------------------------------------
     0 | D        | Groucho the Deep Elf Earth Elementalist began the quest for
                  | the Orb.
     0 | D        | Reached XP level 1. HP: 10/10 MP: 6/6
     8 | D        | Noticed a scorpion
    48 | D        | Killed a scorpion
    49 | D        | Reached skill level 5 in Spellcasting
    49 | D        | Reached XP level 2. HP: 15/15 MP: 1/10
    49 | D        | Reached XP level 3. HP: 19/19 MP: 1/11
    80 | D        | Found a bloodstained altar of Trog.
    80 | D        | Found a shimmering blue altar of Sif Muna.
    80 | D        | Found a viscous altar of Jiyva.
    80 | D        | Found a hazy altar of Hepliaklqana.
    80 | D        | Found an opulent altar of Gozag.
    81 | D        | Found a glowing golden altar of the Shining One.
    81 | D        | Found a glowing silver altar of Zin.
    81 | D        | Found a basalt altar of Yredelemnul.
    81 | D        | Found a shimmering altar of Xom.
    81 | D        | Found an ornate altar of the Wu Jian Council.
    81 | D        | Found a sacrificial altar of Ru.
    81 | D        | Found a stormy altar of Qazlal.
    81 | D        | Found an iron altar of Okawaru.
    81 | D        | Found a sparkling altar of Nemelex Xobeh.
    81 | D        | Found a burning altar of Makhleb.
    81 | D        | Found a blossoming altar of Fedhas.
    81 | D        | Found a white marble altar of Elyvilon.
    81 | D        | Found a shadowy altar of Dithmenos.
    81 | D        | Found a snail-covered altar of Cheibriados.
    82 | D        | Found a radiant altar of Vehumet.
    82 | D        | Found a corrupted altar of Lugonu.
    83 | D        | Found an ancient bone altar of Kikubaaqudgha.
    83 | D        | Found a hide-covered altar of Uskayaw.
    83 | D        | Found a broken altar of Ashenzari.
    84 | D        | Became a worshipper of Sif Muna the Loreminder
    96 | D        | Noticed a scorpion
    99 | D        | Killed a scorpion
   100 | D        | Reached skill level 6 in Spellcasting
   100 | D        | Reached XP level 4. HP: 17/24 MP: 4/14
   104 | D        | Learned a level 3 spell: Stone Arrow
   109 | D        | Learned a level 4 spell: Petrify
   175 | D        | Reached * piety under Sif Muna
   190 | D        | Reached ** piety under Sif Muna
   426 | D        | Noticed a wolf
   430 | D        | Killed a wolf
   431 | D        | Reached skill level 1 in Fighting
   431 | D        | Reached skill level 7 in Spellcasting
   431 | D        | Reached XP level 5. HP: 18/29 MP: 5/16
   781 | D        | Reached XP level 6. HP: 35/35 MP: 7/18
  1102 | D        | Reached *** piety under Sif Muna
  1158 | D        | Noticed Prince Ribbit
  1164 | D        | Killed Prince Ribbit
  1165 | D        | Reached skill level 5 in Stealth
  1165 | D        | Reached skill level 8 in Spellcasting
  1440 | D        | Reached skill level 5 in Invocations
  1440 | D        | Reached XP level 7. HP: 31/41 MP: 7/20
  1463 | D        | Reached **** piety under Sif Muna
  2006 | D        | Reached skill level 9 in Spellcasting
  2006 | D        | Reached skill level 5 in Transmutations
  2281 | D        | Reached ***** piety under Sif Muna
  2448 | D        | Noticed Terence
  2453 | D        | Killed Terence
  2454 | D        | Received a gift from Sif Muna
  2455 | D        | Reached skill level 5 in Short Blades
  2455 | D        | Got Sif Muna's Parchment of the Baleful Map {god gift}
  2556 | D        | Noticed a blink frog
  2556 | D        | Noticed a blink frog
  2562 | D        | Killed a blink frog
  2563 | D        | Reached XP level 8. HP: 35/48 MP: 15/23
  2715 | D        | Reached skill level 10 in Spellcasting
  2721 | D        | Killed a blink frog
  2722 | D        | Reached skill level 10 in Earth Magic
  2728 | D        | Noticed a blink frog
  2733 | D        | Killed a blink frog
  2736 | D        | Noticed a blink frog
  2739 | D        | Killed a blink frog
  2740 | D        | Reached skill level 11 in Spellcasting
  3118 | D        | Noticed a bog body
  3134 | D        | Killed a bog body
  3135 | D        | Reached skill level 1 in Armour
  3135 | D        | Reached skill level 10 in Conjurations
  3135 | D        | Reached XP level 9. HP: 39/52 MP: 7/26
  3463 | D        | Noticed a sun demon
  3469 | D        | Killed a sun demon
  3469 | D        | Received a gift from Sif Muna
  3791 | D        | Learned a level 6 spell: Iron Shot
  3816 | D        | Reached skill level 5 in Fighting
  3816 | D        | Reached skill level 5 in Dodging
  3816 | D        | Reached skill level 12 in Spellcasting
  4249 | D        | Noticed Harold
  4261 | D        | Reached ****** piety under Sif Muna
  4271 | D        | Mangled by Harold

Illustrated notes

Levels and vault maps discovered:
D:        pitsprint [storerooms_1, entrance_room_1, metal_vault_8, armoury_2,
          mini_pit_1, grid_room_1, main_hall_1, silver_pit, the_coven_2,
          the_vestibule_1, steel_vault_3, golden_pit, hallway_of_sentries,
          crystal_vault_4, iron_vault_1, final_vault]

Skill      XL: |  1  2  3  4  5  6  7  8  9 |
---------------+----------------------------+-----
Spellcasting   | 5 6 7 8 9 11 12 | 12.0
Conjurations   | 4 6 7 8 10 | 10.9
Earth Magic    | 6 7 8 9 10 11 | 11.4
Invocations    | 2 3 5 6 8 9 |  9.1
Fighting       | 1 2 3 4 5 |  5.0
Short Blades   | 2 4 5 |  5.0
Stealth        | 3 4 5 7 |  7.0
Transmutations | 2 3 4 6 8 9 |  9.0
Armour         | 1 3 |  3.2
Dodging        | 3 5 |  5.8

Action                     |  1- 3 |  4- 6 |  7- 9 || total
---------------------------+-------+-------+-------++-------
  Melee: Dagger            |       |       |     5 ||     5
   Cast: Sandblast         |     9 |     2 |       ||    11
         Stone Arrow       |       |    22 |    44 ||    66
         Petrify           |       |       |    15 ||    15
 Invoke: Channel Magic     |       |       |     1 ||     1
    Use: Potion            |     1 |     1 |     1 ||     3
         Scroll            |       |       |     1 ||     1
   Stab: Petrified         |       |       |     5 ||     5
 Armour: Robe              |       |       |     2 ||     2
         Ring mail         |       |       |     4 ||     4
  Dodge: Dodged            |       |     5 |    14 ||    19
